 Dungeon Crawl Stone Soup version 0.26-a0-540-g8a0c9464d7 (webtiles) character file.

Game seed: 5557329819231797834

401 vurker the Grave Robber (level 6, -3/44 HPs)
             Began as a Gnoll Necromancer on Aug 24, 2020.
             Slain by a lemure (5 damage)
             ... led by Pikel
             ... on level 5 of the Dungeon.
             The game lasted 00:03:59 (3645 turns).

vurker the Grave Robber (Gnoll Necromancer)         Turns: 3645, Time: 00:04:00

Health: -3/44      AC:  4    Str: 11    XL:     6   Next: 85%
Magic:  14/14      EV: 15    Int: 19    God:
Gold:   159        SH:  0    Dex: 15    Spells: 14/15 levels left

rFire    . . .     SeeInvis .   k - +1 flail (protect)
rCold    . . .     Faith    .   (no shield)
rNeg     . . .     Spirit   .   a - +0 robe
rPois    .         Reflect  .   c - +0 helmet (curse)
rElec    .         Harm     .   m - +0 cloak
rCorr    .                      (no gloves)
MR       .....                  (no boots)
Stlth    +++.......             (no amulet)
HPRegen  0.14/turn              (no ring)
MPRegen  0.14/turn              (no ring)

@: no status effects
A: distributed training, fangs 1, strong nose
a: no special abilities


You were on level 5 of the Dungeon.
You visited 1 branch of the dungeon, and saw 5 of its levels.

You collected 159 gold pieces.

Inventory:

Hand Weapons
 k - a +1 flail of protection (weapon)
   (You took it off an orc on level 3 of the Dungeon)
Armour
 a - a +0 robe (worn)
 c - a cursed +0 helmet (worn)
   (You found it on level 1 of the Dungeon)
 m - a +0 cloak (worn)
   (You found it on level 3 of the Dungeon)
Scrolls
 g - 2 scrolls of teleportation {unknown}
 h - 4 scrolls of remove curse {unknown}
 i - 2 scrolls of magic mapping {unknown}
 j - 3 scrolls of identify {unknown}
Potions
 b - 2 potions of heal wounds {unknown}
 d - a potion of berserk rage {unknown}
 e - a potion of curing {unknown}
 f - 2 potions of resistance {unknown}
 l - a potion of lignification {unknown}
 n - a potion of flight {unknown}


   Skills:
 + Level 2.1 Fighting
 + Level 2.1 Short Blades
 + Level 2.1 Long Blades
 + Level 2.1 Axes
 + Level 2.1 Maces & Flails
 + Level 2.1 Polearms
 + Level 2.1 Staves
 + Level 2.1 Slings
 + Level 2.1 Bows
 + Level 2.1 Crossbows
 + Level 2.1 Throwing
 + Level 2.1 Armour
 + Level 5.0 Dodging
 + Level 4.7 Stealth
 + Level 2.1 Shields
 + Level 2.1 Unarmed Combat
 + Level 5.4 Spellcasting
 + Level 1.7 Conjurations
 + Level 1.7 Hexes
 + Level 1.7 Summonings
 + Level 7.3 Necromancy
 + Level 1.7 Translocations
 + Level 1.7 Transmutations
 + Level 1.7 Fire Magic
 + Level 1.7 Ice Magic
 + Level 1.7 Air Magic
 + Level 1.7 Earth Magic
 + Level 1.7 Poison Magic
 + Level 2.3 Invocations
 + Level 2.1 Evocations


You had 14 spell levels left.
You knew the following spells:

 Your Spells              Type           Power        Failure   Level
a - Pain                  Necr           ####         1%          1

Your spell library contained the following spells:

 Spells                   Type           Power        Failure   Level
 Animate Skeleton         Necr           ####..       1%          1
 Vampiric Draining        Necr           ####......   1%          3
 Corona                   Hex            ##.....      6%          1
 Animate Dead             Necr           ####......   6%          4
 Ensorcelled Hibernation  Hex/Ice        ##....       9%          2
 Agony                    Necr           ####....     16%         5
 Confusing Touch          Hex            ##......     17%         3
 Dazzling Flash           Conj/Hex       ##....       17%         3
 Tukima's Dance           Hex            ##......     17%         3


Dungeon Overview and Level Annotations

Branches:
Dungeon (5/15)
 Temple: D:4-7

Altars:
Ashenzari
Elyvilon
Okawaru
Trog
Yredelemnul
The Shining One

Annotations:
D:4 Ijyb, Pikel


Innate Abilities, Weirdness & Mutations

Your experience applies equally to all skills.
You have very sharp teeth.
Your uncanny sense of smell can sniff out nearby items.


Message History

The hound closely misses you. The hound bites you but does no damage.
You barely miss the hound. The hound bites you.
* * * LOW HITPOINT WARNING * * *
The hound bites you.
* * * LOW HITPOINT WARNING * * *
You hit the hound.
Your weapon exudes an aura of protection.
The hound misses you. The hound bites you but does no damage.
You sock the hound!
You kill the hound!
You closely miss the orc. The orc closely misses you.
You hit the orc. The orc hits you but does no damage.
You barely miss the orc. The orc hits you but does no damage. x2
You barely miss the orc. You bite the orc, but do no damage.
The orc barely misses you.
You hit the orc. The orc hits you.
* * * LOW HITPOINT WARNING * * *
You completely miss the orc. The orc hits you but does no damage.
The orc barely misses you.
You barely miss the orc. The orc hits you but does no damage.
You sock the orc!
You kill the orc!
Ijyb the Twisted Goblin comes into view.
She is wielding a +0 club and carrying a wand of acid (7).
Ijyb moves out of view.
Things that are here:
a +0 scale mail; an uncursed ring of magical power; a hound corpse You see here an adder corpse.
There is a stone staircase leading down, spattered with blood here.
You start resting.
Pikel is nearby!
You climb downwards.
The lemure hits you.
* * * LOW HITPOINT WARNING * * *
There is a stone staircase leading up here.
You hit the lemure.
Your weapon exudes an aura of protection.
The lemure hits you!
* * * LOW HITPOINT WARNING * * *
You hit the lemure.
The lemure hits you but does no damage. x2
You closely miss the lemure. The lemure misses you.
You barely miss the lemure. The lemure barely misses you.
You closely miss the lemure. The lemure closely misses you.
The lemure hits you!
* * * LOW HITPOINT WARNING * * *
You barely miss the lemure. The lemure barely misses you.
You closely miss the lemure. The lemure hits you.
* * * LOW HITPOINT WARNING * * *
You barely miss the lemure. The lemure hits you but does no damage.
You closely miss the lemure. The lemure hits you but does no damage.
The lemure hits you.
You die...

# ##### #.#...##
#......#######
#...@........#
##...5.#####.###.#
##....##..<.....#
##.....#.#.#####
###.....(.#
#########


You could see a lemure.

Vanquished Creatures
  Grinder (D:3)
  A lemure (D:4)
  A hound (D:4)
  An orc wizard (D:3)
  A worker ant (D:4)
  A hound skeleton (D:4)
  6 adders
  An ooze (D:2)
  2 dart slugs
  6 orcs
  2 ball pythons
  4 bats
  2 giant cockroaches (D:2)
  5 goblins
  5 hobgoblins
  9 kobolds
  3 frilled lizards (D:3)
  7 rats
  A spectral orc (D:2)
59 creatures vanquished.

Notes
Turn   | Place    | Note
-------+----------+-------------------------------------------
     0 | D:1      | vurker the Gnoll Necromancer began the quest for the Orb.
     0 | D:1      | Reached XP level 1. HP: 13/13 MP: 6/6
   379 | D:1      | Reached XP level 2. HP: 19/19 MP: 4/7
   702 | D:1      | Found an iron altar of Okawaru.
   931 | D:1      | Reached XP level 3. HP: 25/25 MP: 7/9
  1169 | D:2      | Reached skill level 5 in Spellcasting
  1296 | D:2      | Reached skill level 1 in Invocations
  1513 | D:2      | Reached skill level 1 in Fighting
  1513 | D:2      | Reached skill level 1 in Short Blades
  1513 | D:2      | Reached skill level 1 in Long Blades
  1513 | D:2      | Reached skill level 1 in Axes
  1513 | D:2      | Reached skill level 1 in Maces & Flails
  1513 | D:2      | Reached skill level 1 in Polearms
  1513 | D:2      | Reached skill level 1 in Staves
  1513 | D:2      | Reached skill level 1 in Slings
  1513 | D:2      | Reached skill level 1 in Bows
  1513 | D:2      | Reached skill level 1 in Crossbows
  1513 | D:2      | Reached skill level 1 in Throwing
  1513 | D:2      | Reached skill level 1 in Armour
  1513 | D:2      | Reached skill level 1 in Shields
  1513 | D:2      | Reached skill level 1 in Unarmed Combat
  1513 | D:2      | Reached skill level 1 in Evocations
  1513 | D:2      | Reached XP level 4. HP: 30/32 MP: 7/11
  1777 | D:2      | Found a basalt altar of Yredelemnul.
  1895 | D:3      | Reached skill level 1 in Conjurations
  1895 | D:3      | Reached skill level 1 in Hexes
  1895 | D:3      | Reached skill level 1 in Summonings
  1895 | D:3      | Reached skill level 1 in Translocations
  1895 | D:3      | Reached skill level 1 in Transmutations
  1895 | D:3      | Reached skill level 1 in Fire Magic
  1895 | D:3      | Reached skill level 1 in Ice Magic
  1895 | D:3      | Reached skill level 1 in Air Magic
  1895 | D:3      | Reached skill level 1 in Earth Magic
  1895 | D:3      | Reached skill level 1 in Poison Magic
  2575 | D:3      | Reached XP level 5. HP: 37/37 MP: 10/12
  2616 | D:3      | Found a bloodstained altar of Trog.
  2630 | D:3      | Noticed Grinder
  2651 | D:3      | Killed Grinder
  2651 | D:3      | Reached skill level 5 in Dodging
  2651 | D:3      | Reached XP level 6. HP: 18/44 MP: 14/14
  3369 | D:4      | Found a faded altar of an unknown god.
  3369 | D:4      | Found a shattered altar of Ashenzari.
  3382 | D:4      | Found a white marble altar of Elyvilon.
  3384 | D:4      | Found a faded altar of an unknown god.
  3386 | D:4      | Found a glowing golden altar of the Shining One.
  3422 | D:4      | Noticed Pikel
  3495 | D:5      | Entered Level 5 of the Dungeon
  3627 | D:4      | Noticed Ijyb
  3643 | D:5      | HP: 2/44 [lemure[Pikel] (4)]
  3645 | D:5      | Slain by a lemure

Illustrated notes

Levels and vault maps discovered:
D:1:      elethiomel_arrival_quiet, layout_loops_corners,
          okawaru_ov_weapons_minmay
D:2:      layout_basic, yredelemnul_forgotten_temple_becter
D:3:      layout_loops_corners, trog_three_pillars_becter, uniq_grinder
D:4:      layout_basic, chequers_temple_overflow_minitemple, serial_shops, shop,
          uniq_ijyb, uniq_pikel
D:5:      layout_loops_cross, st_stairs_7, nemelex_lonely_heart_becter

Skill      XL: |  1  2  3  4  5  6 |
---------------+-------------------+-----
Spellcasting   | 5 |  5.4
Invocations    | 1 2 |  2.3
Fighting       | 1 2 |  2.1
Short Blades   | 1 2 |  2.1
Long Blades    | 1 2 |  2.1
Axes           | 1 2 |  2.1
Maces & Flails | 1 2 |  2.1
Polearms       | 1 2 |  2.1
Staves         | 1 2 |  2.1
Slings         | 1 2 |  2.1
Bows           | 1 2 |  2.1
Crossbows      | 1 2 |  2.1
Throwing       | 1 2 |  2.1
Armour         | 1 2 |  2.1
Shields        | 1 2 |  2.1
Unarmed Combat | 1 2 |  2.1
Evocations     | 1 2 |  2.1
Conjurations   | 1 |  1.7
Hexes          | 1 |  1.7
Summonings     | 1 |  1.7
Translocations | 1 |  1.7
Transmutations | 1 |  1.7
Fire Magic     | 1 |  1.7
Ice Magic      | 1 |  1.7
Air Magic      | 1 |  1.7
Earth Magic    | 1 |  1.7
Poison Magic   | 1 |  1.7
Dodging        | 5 |  5.0
Stealth        | |  4.7
Necromancy     | |  7.3

Action                   |  1- 3 |  4- 6 || total
-------------------------+-------+-------++-------
Melee: Flail             |       |    96 ||    96
       Short sword       |       |     8 ||     8
       Bite              |       |    10 ||    10
 Cast: Pain              |    41 |    33 ||    74
 Stab: Sleeping          |       |     2 ||     2
Armor: Robe              |     1 |    42 ||    43
Dodge: Dodged            |     2 |   100 ||   102

Table legend: (Time is in decaauts)
 A = Elapsed time spent in this place.
 B = Non-inter-level travel time spent in this place.
 C = Inter-level travel time spent in this place.
 D = Time resting spent in this place.
 E = Time spent auto-exploring this place.
 F = Levels seen in this place.
 G = Mean time per level.
                   A        B        C        D        E       F      G
               +--------+--------+--------+--------+--------+-----+--------+
         Total |   3681 |   3572 |    109 |      5 |   3089 |   5 |  736.2 |
       Dungeon |   3681 |   3572 |    109 |      5 |   3089 |   5 |  736.2 |
               +--------+--------+--------+--------+--------+-----+--------+

Top non-repeatable levels by time:
     D:3: 1369 daAuts
     D:1: 1164 daAuts
     D:2: 650 daAuts
     D:4: 469 daAuts
     D:5: 27 daAuts
